 Dungeon Crawl Stone Soup version 0.21.1-1-g345015fe64 (webtiles) character file.

161 Peloso the Covered (level 5, -3/41 HPs)
             Began as a Demonspawn Fighter on Apr 29, 2018.
             Killed from afar by a white imp (5 damage)
             ... with a puff of frost
             ... summoned by Natasha
             ... on level 2 of the Dungeon.
             The game lasted 00:04:23 (2311 turns).

Peloso the Covered (Demonspawn Fighter)             Turns: 2311, Time: 00:04:24

Health: -3/41      AC:  7    Str: 22    XL:     5   Next: 18%
Magic:  5/5        EV:  8    Int: 10    God:
Gold:   86         SH:  9    Dex: 12    Spells: 4/4 levels left

rFire    + . .     SeeInvis .   a - +0 long sword
rCold    . . .     Gourm    .   c - +0 shield
rNeg     . . .     Faith    .   b - +0 scale mail
rPois    .         Spirit   .   (no helmet)
rElec    .         Reflect  .   (no cloak)
rCorr    .         Harm     .   (no gloves)
MR       .....                  (no boots)
Stlth    ..........             (no amulet)
HPRegen  0.13/turn              m - ring of flight
MPRegen  0.09/turn              (no ring)

@: mighty
A: claws 1, fire resistance 1, flame cloud immunity
a: Evoke Flight


You were on level 2 of the Dungeon.
You were very hungry.

You visited 1 branch of the dungeon, and saw 2 of its levels.

You collected 86 gold pieces.

Inventory:

Hand Weapons
 a - a +0 long sword (weapon)
Armour
 b - a +0 scale mail (worn)
 c - a +0 shield (worn)
Jewellery
 m - a ring of flight (left claw)
Scrolls
 g - 3 scrolls of identify {unknown}
 h - a scroll of noise {unknown}
 i - a scroll of remove curse {unknown}
 k - a scroll of immolation {unknown}
 l - a scroll of amnesia {unknown}
 n - a scroll of teleportation {unknown}
Potions
 e - 2 potions of mutation {unknown}
 j - a potion of brilliance {unknown}
 o - a potion of agility {unknown}
 p - a potion of ambrosia {unknown}
Comestibles
 f - 6 rations


   Skills:
 + Level 3.3 Fighting
 + Level 3.0 Long Blades
 + Level 3.8 Armour
 + Level 1.0 Dodging
 + Level 3.3 Shields


You had 4 spell levels left.
You didn't know any spells.

Dungeon Overview and Level Annotations

Branches:
Dungeon (2/15)

Altars:
Makhleb
Trog
Xom
Yredelemnul

Annotations:
D:2 Natasha


Innate Abilities, Weirdness & Mutations

You have sharp fingernails.
Your flesh is heat resistant. (rF+)
You are immune to clouds of flame.


Message History

You kill the adder!
Your Long Blades skill increases to level 3!
You slash the goblin!
You kill the goblin!
Natasha hisses.
You slash the white imp!
The white imp is severely wounded.
The crimson imp disappears in a puff of smoke!
The white imp gestures at you. The puff of frost hits you!
* * * LOW HITPOINT WARNING * * *
The white imp hits you.
* * * LOW HITPOINT WARNING * * *
The white imp freezes you.
* * * LOW HITPOINT WARNING * * *
You closely miss the white imp.
The white imp is severely wounded.
The white imp gestures at you. The puff of frost hits you!
You die...

..♣♣ ♣..♣ #..(.
♣..♣♣ #... ♣♣..♣
#... ♣..♣ ♣♣♣ #..
♣♣.♣♣ ♣.♣ #5. ♣..♣
♣.♣♣♣ #h# #.#
♣..♣♣♣...♣♣ #5#
..##...
♣♣..♣.....♣ #@#
.....##..##
♣....♣...♣
#.######...>##.>..
♣♣♣.♣♣♣♣.♣
#.#....#..#.###.##
♣♣♣ ♣.♣
#.##.#.#........#.
♣♣.♣
#.##.#.#....###...
♣..♣
#.#...............
♣.♣♣
#.##.#...#..##..#[
♣.♣♣
#.......<...##....
♣♣.♣
###########.##.P.P


You could see Natasha and 2 white imps.

Vanquished Creatures
  6 gnolls (D:2)
  3 adders (D:2)
  A worm (D:2)
  A leopard gecko (D:2)
  An orc (D:2)
  A ball python (D:2)
  17 bats
  2 giant cockroaches (D:1)
  10 goblins
  7 hobgoblins
  3 jackals (D:1)
  A quokka (D:2)
  3 frilled lizards
  9 kobolds
  7 rats
72 creatures vanquished.

Notes
Turn   | Place    | Note
-------+----------+-------------------------------------------
     0 | D:1      | Peloso the Demonspawn Fighter began the quest for the Orb.
     0 | D:1      | Reached XP level 1. HP: 18/18 MP: 1/1
    70 | D:1      | Gained mutation: Your flesh is heat resistant. (rF+) [demonic ancestry]
    70 | D:1      | Reached XP level 2. HP: 14/24 MP: 2/2
   476 | D:1      | Gained mutation: You are immune to clouds of flame. [demonic ancestry]
   476 | D:1      | Reached XP level 3. HP: 29/29 MP: 3/3
  1120 | D:2      | Found a basalt altar of Yredelemnul.
  1231 | D:2      | Reached XP level 4. HP: 19/35 MP: 4/4
  1963 | D:2      | Found a shimmering altar of Xom.
  1965 | D:2      | Found a bloodstained altar of Trog.
  1974 | D:2      | Found a burning altar of Makhleb.
  2283 | D:2      | Noticed Natasha
  2293 | D:2      | Reached skill level 1 in Dodging
  2302 | D:2      | Gained mutation: You have sharp fingernails. [demonic ancestry]
  2302 | D:2      | Reached XP level 5. HP: 19/41 MP: 5/5
  2310 | D:2      | HP: 2/41 [white imp[Natasha] (3)]
  2311 | D:2      | Killed from afar by a white imp

Skill      XL: |  1  2  3  4  5 |
---------------+----------------+-----
Long Blades    | 2 3 |  3.0
Armour         | 3 |  3.8
Shields        | 3 |  3.3
Dodging        | 1 |  1.0
Fighting       | |  3.3

Action                   |  1- 3 |  4- 6 || total
-------------------------+-------+-------++-------
Melee: Long sword        |   153 |   104 ||   257
  Use: Potion            |       |     1 ||     1
  Eat: Chunk             |     1 |     3 ||     4
Armor: Scale mail        |   139 |    64 ||   203
Dodge: Dodged            |    62 |    36 ||    98
Block: Shield            |   114 |    57 ||   171
       Rpst.: Long sword |    20 |     7 ||    27
